 Dungeon Crawl Stone Soup version 0.31-a0-986-g5e6e4ef867 (webtiles) character file.

Game seed: 13873067653733876486

78 wildpjah the Grasshopper (level 4, -2/27 HPs)
             Began as a Tengu Warper on Nov 20, 2023.
             Slain by Terence
             ... wielding a +2 falchion of holy wrath
              (16 damage)
             ... on level 3 of the Dungeon.
             The game lasted 00:03:10 (1569 turns).

wildpjah the Grasshopper (Tengu Warper)             Turns: 1569, Time: 00:03:10

Health: -2/27      AC:  3    Str:  9 (11) XL:     4   Next: 36%
Magic:  8/8        EV: 12    Int: 10 (13) God:
Gold:   148        SH:  0    Dex: 14 (16) Spells: 7/7 levels left

rFire   + . .        a - +0 falchion
rCold   x . .        (no shield)
rNeg    . . .        b - +0 leather armour
rPois   .            (helmet restricted)
rElec   .            (no cloak)
rCorr   .            (no gloves)
SInv    .            (boots unavailable)
Will    .....        f - amulet of faith
Stlth   +            g - ring of fire
HPRegen 0.24/turn    (no ring)
MPRegen 0.11/turn

%: acrobat, faith
@: no status effects
A: beak, talons 3, acrobatic
a: no special abilities


You were on level 3 of the Dungeon.
You visited 1 branch of the dungeon, and saw 3 of its levels.

You collected 148 gold pieces.

Inventory:

Hand Weapons
 a - a +0 falchion (weapon)
Missiles
 d - 7 darts of dispersal
 l - 2 datura-tipped darts (quivered)
 s - 4 poisoned darts
Armour
 b - a +0 leather armour (worn)
 k - a +0 buckler
Jewellery
 f - an amulet of faith (around neck)
 g - a ring of fire (left hand)
 t - an amulet of guardian spirit
Talismans
 r - a beast talisman
Scrolls
 c - a scroll of blinking
 h - a scroll of revelation {unknown}
 m - 2 scrolls of identify {unknown}
 o - a scroll of fog {unknown}
 q - a scroll of teleportation {unknown}
Potions
 i - a potion of degeneration
 j - 2 potions of lignification {unknown}
 n - a potion of enlightenment {unknown}
 p - a potion of haste {unknown}
 u - a potion of magic {unknown}
 v - a potion of cancellation {unknown}


   Skills:
 + Level 2.6 Fighting
 + Level 2.9 Long Blades
 + Level 1.1 Throwing
 + Level 1.9 Armour
 + Level 2.3 Dodging
 + Level 0.2 Stealth
 + Level 2.2 Spellcasting
 + Level 3.0 Translocations


You had 7 spell levels left.
You didn't know any spells.
Your spell library contained the following spells:

 Spells                   Type           Power      Damage    Failure   Level
 Blink                    Tloc           14%        N/A       19%         2
 Lesser Beckoning         Tloc           14%        N/A       19%         2
 Teleport Other           Tloc           7%         N/A       34%         3
 Volatile Blastmotes      Fire/Tloc      12%        2d11      54%         3
 Manifold Assault         Tloc           7%         N/A       75%         4
 Iskenderun's Mystic Bla  Conj/Tloc      4%         2d3       91%         4
 Vhi's Electric Charge    Tloc/Air       8%         N/A       91%         4
 Fulminant Prism          Conj/Hex       0%         3d5       99%         4


Dungeon Overview and Level Annotations

Branches:
Dungeon (3/15)

Altars:

Annotations:
D:3 Terence


Innate Abilities, Weirdness & Mutations

You have a beak for a mouth.
You have claws for feet.
You can magically evade attacks while moving or waiting.


Message History

The bat completely misses you. The bat completely misses you.
The bat completely misses you. The bat completely misses you.
The bat attacks as it pursues you! The bat completely misses you. x3
You hit the bat. Your kick misses the bat.
The bat is moderately wounded.
The bat closely misses you. The bat barely misses you.
You closely miss the bat. You claw the bat.
You kill the bat!
Throw: 6 darts (poison)
Press: ? - help, Q - select action, (/) - cycle Shift-Dir - straight line, f - Terence
Aim: Terence, wielding a +2 falchion of holy wrath and wearing a +2 scale mail of poison resistance (61% to hit)
You throw a poisoned dart. The poisoned dart hits Terence.
Terence hits you but does no damage.
Throw: 5 darts (poison)
Press: ? - help, Q - select action, (/) - cycle Shift-Dir - straight line, f/p - Terence
Aim: Terence, wielding a +2 falchion of holy wrath and wearing a +2 scale mail of poison resistance (61% to hit)
You throw a poisoned dart. The poisoned dart hits Terence.
Terence barely misses you.
Press: ? - help, v - describe, . - travel, g - get item
Here: Terence, wielding a +2 falchion of holy wrath and wearing a +2 scale mail of poison resistance
Items here: 2 poisoned darts; a bat corpse.
The floor.
Throw: 3 darts (datura)
Press: ? - help, Q - select action, (/) - cycle Shift-Dir - straight line, f/p - Terence
Aim: Terence, wielding a +2 falchion of holy wrath and wearing a +2 scale mail of poison resistance (61% to hit, chance to frenzy on hit: 100%)
You throw a datura-tipped dart. The datura-tipped dart hits Terence.
Terence flies into a frenzy!
Terence hits the orc with a +2 falchion of holy wrath!
The orc dies!
Terence hits you with a +2 falchion of holy wrath.
It was a potion of heal wounds.
You feel much better.
Terence hits you with a +2 falchion of holy wrath!
It was a potion of degeneration.
There was something very wrong with that liquid.
You feel weakened.
You feel dopey.
You feel clumsy.
Terence hits you with a +2 falchion of holy wrath!
Ouch! That really hurt!
You die...

. ≈.≈§≈.≈..... .. #
##.#.......
...#.##...†..# ##..#
.........# #...#
##.##.##@# ...
#.......# ... ####)####
#.# #@# #.# #@#
####.######## #.###
#...(...>...###...#
#..<.#.........##......
#..#.....##.##.# ######
.......#..##.##.##
.#..#............#
#..#.##..##.<...#
#........##.....#


You could see the neutral Terence (fast, strong, frenzied).

Vanquished Creatures
  Jessica (D:2)
  A dart slug (D:2)
  5 bats
  7 endoplasms
  3 giant cockroaches (D:2)
  5 goblins
  2 hobgoblins
  3 quokkas
  6 ball pythons
  A frilled lizard (D:1)
  6 kobolds
  A rat (D:1)
41 creatures vanquished.

Vanquished Creatures (collateral kills)
  An orc (D:3)
1 creature vanquished.

Grand Total: 42 creatures vanquished

Notes
Turn   | Place    | Note
-------+----------+-------------------------------------------
     0 | D:1      | wildpjah the Tengu Warper began the quest for the Orb.
     0 | D:1      | Reached XP level 1. HP: 12/12 MP: 4/4
   293 | D:1      | Reached XP level 2. HP: 17/17 MP: 6/6
   697 | D:2      | Reached XP level 3. HP: 22/22 MP: 7/7
   970 | D:2      | Noticed Jessica
   976 | D:2      | Killed Jessica
   977 | D:2      | Reached skill level 3 in Translocations
   977 | D:2      | Reached XP level 4. HP: 11/27 MP: 8/8
  1552 | D:3      | Noticed Terence
  1569 | D:3      | Slain by Terence

Illustrated notes

Levels and vault maps discovered:
D:1:      ebering_hopf_link, layout_loops_cross, grunt_decor_resistance,
          minmay_vboxes
D:2:      layout_basic, uniq_jessica
D:3:      layout_loops_cross, gammafunk_temple_overflow_pools,
          kennysheep_crisscross, grunt_ministairs_1, corexii_hall_statues_x,
          uniq_terence

Skill      XL: |  1  2  3 |
---------------+----------+-----
Translocations | 3 |  3.0
Fighting       | |  2.6
Long Blades    | |  2.9
Throwing       | |  1.1
Armour         | |  1.9
Dodging        | |  2.3
Stealth        | |  0.2
Spellcasting   | |  2.2

Action                     |  1- 3 |  4- 6 || total
---------------------------+-------+-------++-------
  Melee: Falchion          |    55 |    20 ||    75
         Kick              |    14 |     4 ||    18
         Peck              |     7 |     2 ||     9
  Throw: Dart              |       |     3 ||     3
    Use: Potion            |       |     2 ||     2
   Stab: Sleeping          |       |     1 ||     1
 Armour: Leather armour    |    22 |    12 ||    34
  Dodge: Dodged            |    44 |    30 ||    74

Table legend: (Time is in decaauts)
 A = Elapsed time spent in this place.
 B = Non-inter-level travel time spent in this place.
 C = Inter-level travel time spent in this place.
 D = Time resting spent in this place.
 E = Time spent auto-exploring this place.
 F = Levels seen in this place.
 G = Mean time per level.
                   A        B        C        D        E       F      G
               +--------+--------+--------+--------+--------+-----+--------+
         Total |   1581 |   1499 |     82 |      0 |   1188 |   3 |  527.0 |
       Dungeon |   1581 |   1499 |     82 |      0 |   1188 |   3 |  527.0 |
               +--------+--------+--------+--------+--------+-----+--------+

Top non-repeatable levels by time:
     D:2: 791 daAuts
     D:1: 670 daAuts
     D:3: 119 daAuts
